 Dungeon Crawl Stone Soup version 0.32-a0-540-g866d13106e (webtiles) character file.

Game seed: 7579341883927922167

103 lunkers the Cutter (level 4, -4/33 HPs)
             Began as a Coglin Brigand on Feb 28, 2024.
             Killed from afar by an orc wizard (7 damage)
             ... with a magic dart
             ... on level 3 of the Dungeon.
             The game lasted 00:01:43 (1731 turns).

lunkers the Cutter (Coglin Brigand)                 Turns: 1731, Time: 00:01:43

Health: -4/33      AC:  6    Str: 14    XL:     4   Next: 79%
Magic:  4/4        EV: 10    Int: 10    God:
Gold:   61         SH:  0    Dex: 15    Spells: 3/3 levels left

rFire   . . .        a - +2 dagger {Khabaw}
rCold   . . .        j - +0 dagger {Dalbir}
rNeg    . . .        f - +0 ring mail
rPois   .            (no helmet)
rElec   .            c - +0 cloak
rCorr   .            (no gloves)
SInv    .            (no boots)
Will    .....        (no amulet) Stlth
                     (ring unavailable)
HPRegen 0.25/turn    (ring unavailable)
MPRegen 0.09/turn

%: no passive effects
@: confused, mighty, revved
A: off-hand wielding, slow wielding, warmup strikes, no rings
a: no special abilities


You were on level 3 of the Dungeon.
You visited 1 branch of the dungeon, and saw 3 of its levels.

You collected 61 gold pieces.

Inventory:

Hand Weapons
 a - a +2 dagger (weapon) {Khabaw}
 j - a +0 dagger (offhand) {Dalbir}
Missiles
 d - 9 poisoned darts
 e - 3 curare-tipped darts
Armour
 b - a +0 robe
 c - a +0 cloak (worn)
 f - a +0 ring mail (worn)
Scrolls
 g - a scroll of fear {unknown}
 h - 2 scrolls of identify {unknown}
 k - a scroll of brand weapon {unknown}
 l - a scroll of teleportation {unknown}
 n - a scroll of silence {unknown}
Potions
 m - a potion of heal wounds {unknown}


   Skills:
 - Level 2.0 Fighting
 + Level 4.4 Short Blades
 - Level 1.7 Throwing
 - Level 0.8 Dodging
 - Level 3.2 Stealth


You had 3 spell levels left.
You didn't know any spells.
Your spell library was empty.

Dungeon Overview and Level Annotations

Branches:
Dungeon (3/15)

Altars:


Innate Abilities, Weirdness & Mutations

You can wield a second weapon in your off-hand.
It takes a long time for you to wield or remove held weapons.
Your first few attacks do less damage.
Your grasper-arms cannot wear rings.


Message History

You hit something with your +2 dagger.
The orc throws a boomerang.
The boomerang hits you but does no damage.
Unknown command.
You miss something with your +0 dagger. You hit something with your +2 dagger.
Something hits you but does no damage.
Unknown command.
You miss something with your +2 dagger. You hit something with your +0 dagger.
Something completely misses you.
You miss something with your +0 dagger. You hit something with your +2 dagger.
Something hits you.
* * * LOW HITPOINT WARNING * * *
You hit something but do no damage. You miss something with your +2 dagger.
You miss something with your +2 dagger. You hit something with your +0 dagger.
You hear some strange, mumbled words.
You are confused.
You're too confused to attack without stumbling around!
You're too confused to attack without stumbling around!
Unknown command.
You closely miss something with your +2 dagger.
You miss something with your +0 dagger. Something hits you but does no damage.
The orc throws a boomerang.
The boomerang hits you but does no damage.
You hit something but do no damage.
You barely miss something with your +2 dagger.
Something hits you.
* * * LOW HITPOINT WARNING * * *
You're too confused to attack without stumbling around!
You're too confused to attack without stumbling around!
You're too confused to attack without stumbling around!
You're too confused to attack without stumbling around!
You bump into the rock wall.
Something hits you.
* * * LOW HITPOINT WARNING * * *
The orc throws a boomerang.
The boomerang hits you.
* * * LOW HITPOINT WARNING * * *
It was a potion of might.
You feel very mighty all of a sudden.
You hear some strange, mumbled words.
A magic dart appears from out of thin air!
The magic dart hits you!
You die... #####.# #.....# ......# #.....# #....##### #.....# .......># #....)# ###. #.###.. ..... #.. #.(...# .oo

#.# #......
#{#####.####.#....
#@#..........#....
###..[.#########....
#..!..## #######.##
.....#...............##
.................###....
...####<##....## ###..
.. ..# ###.# ##) . .#.#
... #. .##b# #. #.


You could see 2 orcs.

Vanquished Creatures
  An orc priest (D:3)
  A gnoll (D:2)
  3 adders
  A ribbon worm (D:2)
  An orc (D:2)
  3 ball pythons (D:2)
  2 endoplasms (D:2)
  2 giant cockroaches (D:1)
  5 goblins
  2 hobgoblins (D:1)
  4 kobolds
  2 quokkas (D:1)
  A bat (D:2)
  3 frilled lizards
  3 rats
34 creatures vanquished.

Notes
Turn   | Place    | Note
-------+----------+-------------------------------------------
     0 | D:1      | lunkers the Coglin Brigand began the quest for the Orb.
     0 | D:1      | Reached XP level 1. HP: 16/16 MP: 1/1
    61 | D:1      | Reached skill level 2 in Short Blades
   176 | D:1      | Reached XP level 2. HP: 21/22 MP: 2/2
   826 | D:2      | Reached skill level 3 in Short Blades
   826 | D:2      | Reached XP level 3. HP: 27/27 MP: 3/3
  1537 | D:2      | Reached XP level 4. HP: 7/33 MP: 4/4
  1679 | D:3      | Reached skill level 4 in Short Blades
  1731 | D:3      | Killed from afar by an orc wizard

Illustrated notes

Levels and vault maps discovered:
D:1:      shiori_shiawase, layout_basic, minmay_misc_feat_rows
D:2:      minmay_chambers_of_ones, layout_basic, small_statue_intersection,
          st_stairs_3, minmay_ruptured
D:3:      layout_rooms, nicolae_ecumenical_lake_church

Skill      XL: |  1  2  3  4 |
---------------+-------------+-----
Short Blades   | 2 3 4 |  4.4
Fighting       | |  2.0
Throwing       | |  1.7
Dodging        | |  0.8
Stealth        | |  3.2

Action                     |  1- 3 |  4- 6 || total
---------------------------+-------+-------++-------
  Melee: Dagger            |   128 |    65 ||   193
    Use: Potion            |       |     1 ||     1
   Stab: Sleeping          |     7 |     1 ||     8
 Armour: Ring mail         |    63 |    22 ||    85
         Robe              |     1 |       ||     1
  Dodge: Dodged            |    32 |     9 ||    41

Table legend: (Time is in decaauts)
 A = Elapsed time spent in this place.
 B = Non-inter-level travel time spent in this place.
 C = Inter-level travel time spent in this place.
 D = Time resting spent in this place.
 E = Time spent auto-exploring this place.
 F = Levels seen in this place.
 G = Mean time per level.
                   A        B        C        D        E       F      G
               +--------+--------+--------+--------+--------+-----+--------+
         Total |   1712 |   1692 |     20 |      0 |   1422 |   3 |  570.7 |
       Dungeon |   1712 |   1692 |     20 |      0 |   1422 |   3 |  570.7 |
               +--------+--------+--------+--------+--------+-----+--------+

Top non-repeatable levels by time:
     D:2: 946 daAuts
     D:1: 699 daAuts
     D:3: 66 daAuts
